 Dungeon Crawl Stone Soup version 0.26-a0-1222-g14533b3512 (webtiles) character file.

Game seed: 10733616369326733941

200185 voltaire321 the Champion of Chaos (level 17, -23/140 HPs)
             Began as a Demonspawn Fighter on Jan 1, 2021.
             Was the Champion of Makhleb.
             Killed from afar by Bai Suzhen (63 damage)
             ... with a torrent of water
             ... on level 3 of the Shoals.
             The game lasted 02:33:39 (33901 turns).

voltaire321 the Champion of Chaos (DsFi)           Turns: 33901, Time: 02:33:39

Health: -23/140    AC: 24    Str: 23    XL:     17   Next: 87%
Magic:  28/28      EV: 15    Int: 11    God:    Makhleb [******]
Gold:   3239       SH: 21    Dex: 20    Spells: 16/16 levels left

rFire    + + .     SeeInvis .   E - +8 double sword (freeze)
rCold    . . .     Faith    .   m - +1 tower shield of Old and Reckless {Will+ Int+4}
rNeg     . . .     Spirit   .   p - +3 scale mail {Will+}
rPois    .         Reflect  .   o - +0 helmet "Xixidoil" {+Blink +Inv rF++ Int-2}
rElec    .         Harm     .   R - +2 cloak {rCorr}
rCorr    +         Rampage  .   B - +2 pair of gloves {archery}
Will     ++++.                  (no boots)
Stlth    ..........             I - amulet of regeneration
HPRegen  0.73/turn              u - ring of willpower
MPRegen  0.21/turn              K - +6 ring of dexterity

@: no status effects
A: talons 2, slimy green scales 2, demonic guardian 3
}: 1/15 runes: serpentine
a: Renounce Religion, Evoke Blink, Evoke Invisibility, Minor Destruction, Lesser
Servant of Makhleb, Major Destruction, Greater Servant of Makhleb


You were on level 3 of the Shoals.
You worshipped Makhleb.
Makhleb was exalted by your worship.
You visited 7 branches of the dungeon, and saw 32 of its levels.
You also visited: Sewer, Ice Cave and Volcano.

You collected 3497 gold pieces.
You spent 258 gold pieces at shops.

Inventory:

Hand Weapons
 E - a +8 double sword of freezing (weapon)
 V - a +4 scimitar of flaming
 Y - the +4 dagger of the Dead {freeze, rN+ Will+ Int-3}
   (You found it on level 1 of the Snake Pit)

   It has been specially enchanted to freeze those struck by it, causing extra
   injury to most foes and up to half again as much damage against particularly
   susceptible opponents.
   It can also slow down cold-blooded creatures.
   It affects your intelligence (-3).
   It protects you from negative energy.
   It affects your willpower, your defense against some magical effects.
Missiles
 L - 18 curare-tipped darts
 P - 58 boomerangs (quivered)
Armour
 l - a +1 kite shield of cold resistance
 m - the +1 tower shield of Old and Reckless (worn) {Will+ Int+4}
   (You took it off Louise on level 1 of the Snake Pit)

   It affects your intelligence (+4).
   It affects your willpower, your defense against some magical effects.
 o - the +0 helmet "Xixidoil" (worn) {+Blink +Inv rF++ Int-2}
   (You found it on level 1 of the Shoals)

   It affects your intelligence (-2).
   It greatly protects you from fire.
   It lets you turn invisible.
   It lets you blink.
 p - a +3 scale mail of willpower (worn)
 B - a +2 pair of gloves of archery (worn)
 C - a +2 plate armour of fire resistance
 Q - +1 swamp dragon scales
 R - a +2 cloak of preservation (worn)
Jewellery
 n - an uncursed ring of positive energy
 u - a ring of willpower (left hand)
 I - an amulet of regeneration (around neck)
 K - a +6 ring of dexterity (right hand)
 N - an uncursed ring of protection from fire
 T - a +6 ring of dexterity
Wands
 D - a wand of acid (15)
 G - a wand of flame (72)
 O - a wand of digging (25)
 U - a wand of iceblast (9)
Scrolls
 f - 16 scrolls of remove curse
 g - 20 scrolls of teleportation
 h - 5 scrolls of blinking
 j - 3 scrolls of enchant armour
 q - 2 scrolls of identify
 t - 5 scrolls of magic mapping
 x - 2 scrolls of summoning
 S - 2 scrolls of fear
Potions
 a - 2 potions of mutation
 b - 2 potions of flight
 d - 8 potions of might
 e - 11 potions of curing
 i - 4 potions of lignification
 k - 2 potions of invisibility
 r - 5 potions of resistance
 v - 5 potions of heal wounds
 w - 4 potions of haste
 J - 3 potions of berserk rage
 M - 2 potions of ambrosia
Miscellaneous
 c - a box of beasts


   Skills:
 + Level 14.4 Fighting
 + Level 13.5 Long Blades
 - Level 6.0 Throwing
 + Level 12.6 Armour
 - Level 10.0 Dodging
 + Level 13.4 Shields
 - Level 15.0 Invocations


You had 16 spell levels left.
You didn't know any spells.
Your spell library contained the following spells:

 Spells                   Type           Power        Failure   Level
 Animate Skeleton         Necr           0%           97%         1
 Apportation              Tloc           0%           97%         1
 Beastly Appendage        Tmut           0%           97%         1
 Corona                   Hex            0%           97%         1
 Foxfire                  Conj/Fire      0%           97%         1
 Magic Dart               Conj           0%           97%         1
 Shock                    Conj/Air       0%           97%         1
 Sting                    Tmut/Pois      0%           97%         1
 Summon Small Mammal      Summ           0%           97%         1
 Call Imp                 Summ           0%           99%         2
 Poisonous Vapours        Pois/Air       0%           99%         2
 Searing Ray              Conj           0%           99%         2
 Swiftness                Air            0%           99%         2
 Wereblood                Tmut           0%           99%         2
 Call Canine Familiar     Summ           0%           100%        3
 Dazzling Flash           Conj/Hex       0%           100%        3
 Ignite Poison            Fire/Tmut/Pois 0%           100%        3
 Mephitic Cloud           Conj/Pois/Air  0%           100%        3
 Spider Form              Tmut/Pois      0%           100%        3
 Static Discharge         Conj/Air       0%           100%        3
 Summon Guardian Golem    Hex/Summ       0%           100%        3
 Airstrike                Air            0%           100%        4
 Cause Fear               Hex            0%           100%        4
 Fulminant Prism          Conj/Hex       0%           100%        4
 Ice Form                 Ice/Tmut       0%           100%        4
 Iskenderun's Mystic Bla  Conj/Tloc      0%           100%        4
 Leda's Liquefaction      Hex/Erth       0%           100%        4
 Olgreb's Toxic Radiance  Pois           0%           100%        4
 Sticky Flame             Conj/Fire      0%           100%        4
 Summon Ice Beast         Ice/Summ       0%           100%        4
 Summon Lightning Spire   Summ/Air       0%           100%        4
 Blade Hands              Tmut           0%           100%        5
 Bolt of Magma            Conj/Fire/Erth 0%           100%        5
 Fireball                 Conj/Fire      0%           100%        5
 Lightning Bolt           Conj/Air       0%           100%        5
 Yara's Violent Unravell  Hex/Tmut       0%           100%        5
 Iron Shot                Conj/Erth      0%           100%        6
 Statue Form              Tmut/Erth      0%           100%        6
 Haunt                    Necr/Summ      0%           100%        7
 Borgnjor's Revivificati  Necr           0%           100%        8
 Infestation              Necr           0%           100%        8
 Necromutation            Tmut/Necr      0%           100%        8
 Death's Door             Necr           0%           100%        9
 Shatter                  Erth           0%           100%        9


Dungeon Overview and Level Annotations

Branches:
Dungeon (15/15)            Temple (1/1) D:5            Lair (6/6) D:8
 Shoals (3/4) Lair:2        Snake (4/4) Lair:3        Slime (0/5) Lair:5
    Orc (2/2) D:10            Elf (1/3) Orc:2        Vaults (0/5) D:14
 Depths (0/5) D:15          Sewer (visited)           IceCv (visited)
Volcano (visited)

Altars:
Ashenzari
Dithmenos
Elyvilon
Fedhas
Gozag
Hepliaklqana
Kikubaaqudgha
Makhleb
Nemelex Xobeh
Qazlal
Ru
Sif Muna
Trog
Vehumet
Wu Jian
Xom
Yredelemnul
Zin
The Shining One
Beogh

Shops:
D:5 *   D:10 *   D:15 ?   Orc:1 *   Orc:2 [*(

Annotations:
Lair:2 exclusion: 4 oklob plants
Shoals:3 Bai Suzhen


Innate Abilities, Weirdness & Mutations

You have razor-sharp toenails.
You are mostly covered in slimy green scales. (AC +3)
A powerful demonic guardian rushes to your aid.


Message History

The eight-headed hydra bites you.
The eight-headed hydra bites you but does no damage.
The eight-headed hydra closely misses you.
The eight-headed hydra barely misses you.
The eight-headed hydra bites you!
* * * LOW HITPOINT WARNING * * *
Blink to where?
Press: ? - help, Dir - move target
As you read the scroll of blinking, it crumbles to dust.
Lightning arcs down from a storm cloud!
Found a potion of brilliance and 2 potions of invisibility.
Evoke which item? (* to show all) (? for menu, Esc to quit)
Aiming: Corrosive Bolt
Press: ? - help, Shift-Dir - straight line, f - Bai Suzhen
Aim: Bai Suzhen (severely wounded, surrounded by thunder, 6% to evade)
The bolt of acid hits Bai Suzhen.
Bai Suzhen is splashed with acid.
Bai Suzhen is severely wounded.
Bai Suzhen breathes water at you. The torrent of water hits you!!!
You die...

≈≈≈≈≈≈≈ ≈≈≈≈≈≈≈≈
≈≈≈≈≈≈≈≈≈≈≈≈≈≈≈
≈≈≈≈≈≈≈≈≈≈≈≈≈≈≈≈≈≈≈≈≈≈≈≈
≈≈≈≈≈≈≈≈≈≈≈≈≈≈≈≈≈≈≈≈≈≈≈≈
..≈≈≈≈≈≈≈≈.....≈≈≈≈≈≈≈≈≈
...≈≈≈≈≈≈≈.....≈≈≈≈≈≈≈≈≈
...≈≈≈≈≈≈≈≈...!≈≈≈≈≈≈PPP
....≈≈≈≈≈≈≈≈≈....≈≈≈≈≈.P
....≈≈≈≈≈≈≈≈≈≈(.@≈≈≈≈≈≈P
...≈≈≈≈≈≈≈≈≈≈≈.#..≈≈≈≈.P
P.>≈≈≈≈≈≈≈≈≈≈≈....≈≈≈..≈
..≈≈≈≈≈≈≈≈≈<.≈§§§≈≈≈≈≈≈!
..≈≈≈≈≈≈..≈≈≈≈DD§≈≈≈≈≈≈≈
P≈≈≈≈≈≈≈≈≈≈≈≈..§§≈≈≈≈≈≈≈
P>≈≈≈≈≈≈≈≈≈≈≈D§D≈≈≈≈≈≈≈≈
≈≈≈≈≈≈≈≈≈≈≈≈≈...≈≈≈≈≈≈≈≈
≈≈≈≈≈≈≈≈≈≈≈.<≈≈≈≈≈≈≈≈≈


You could see Bai Suzhen (clouds, catching breath) and 3 eight-headed hydras.

Vanquished Creatures
  Frances (D:13)
  Polyphemus (Shoals:2)
  6 nagarajas
  The ghost of Frask the Warrior, a journeyman MiMo of Okawaru (Shoals:1)
  An orc warlord (Orc:1)
  An ironheart preserver (D:14)
  Louise (Snake:1)
  Nessos (D:13)
  Snorg (D:12)
  Josephine (Snake:1)
  2 merfolk impalers (Shoals:1)
  An ogre mage (D:15)
  2 catoblepae
  7 naga warriors
  2 boulder beetles (D:15)
  3 hydras
  8 anacondas
  3 centaur warriors
  2 merfolk aquamancers
  7 two-headed ogres
  8 death yaks
  5 shock serpents
  2 orc high priests (Orc:2)
  3 naga sharpshooters
  Sonja (D:13)
  9 sea snakes
  3 unseen horrors
  3 salamander mystics
  A wizard (D:15)
  8 naga ritualists
  4 mana vipers
  9 deep elf magi
  3 harpies (Shoals:2)
  4 orc knights
  3 orc sorcerers
  9 manticores
  4 ugly things
  6 cyclopes
  9 salamanders
  3 centaur zombies (D:14)
  8 fauns
  5 elephants
  14 naga magi
  An ice statue (IceCv)
  28 black mambas
  14 guardian serpents
  9 merfolk sirens
  17 cane toads
  3 water nymphs
  A centaur skeleton (D:14)
  2 kobold demonologists
  2 efreet
  4 komodo dragons
  2 freezing wraiths
  A harpy zombie (D:15)
  6 trolls
  A wind drake (shapeshifter) (D:15)
  14 polar bears
  A hornet (D:10)
  14 merfolk
  3 meliai
  2 wind drakes (Shoals:1)
  4 tyrant leeches (Lair:6)
  20 blink frogs
  6 dream sheep
  6 slime creatures
  6 snapping turtles
  11 water elementals
  A wyvern (D:14)
  3 wraiths
  43 yaks
  4 basilisks
  2 vampire mosquitoes (Lair:6)
  7 wargs
  36 nagas
  An acid dragon (D:12)
  A soldier ant (D:14)
  2 hell hounds (Volcano)
  10 water moccasins
  22 orc warriors
  2 ice beasts
  7 phantoms
  5 sky beasts
  A black bear (D:8)
  A hornet zombie (D:14)
  A necrophage (D:8)
  14 wolves
  18 ogres
  13 centaurs
  A big kobold (D:8)
  29 bullfrogs
  A gnoll sergeant (D:13)
  2 wyvern skeletons
  4 scorpions
  22 killer bees
  9 electric eels
  A howler monkey (D:8)
  A lava snake (D:14)
  5 hounds
  6 jellies
  3 bullfrog skeletons
  4 bullfrog zombies
  14 orc priests
  16 orc wizards
  Crazy Yiuf (D:3)
  3 iguanas
  5 hell rats (Lair:2)
  15 worker ants
  A hound skeleton (D:3)
  20 adders
  17 gnolls
  7 river rats
  2 shadow imps
  5 white imps
  5 ufetubi
  3 oozes
  5 worms
  A dart slug (D:1)
  7 leopard geckos
  57 orcs
  11 ball pythons
  10 bats
  9 giant cockroaches
  11 goblins
  11 hobgoblins
  15 jackals
  11 kobolds
  4 quokkas
  8 frilled lizards
  3 leopard gecko skeletons
  35 rats
948 creatures vanquished.

Vanquished Creatures (collateral kills)
  Asterion (Snake:3)
  A nagaraja (Snake:4)
  2 orc warlords
  A white draconian (IceCv)
  2 merfolk impalers (Shoals:2)
  4 hydras
  A boulder beetle (D:14)
  2 naga warriors
  A catoblepas (Lair:5)
  A merfolk avatar (Shoals:2)
  3 two-headed ogres
  2 anacondas (Snake:4)
  A death yak (Shoals:2)
  An orc high priest (Orc:2)
  Urug (D:12)
  2 naga sharpshooters (Snake:4)
  A naga ritualist (Snake:4)
  A wizard (D:15)
  An orc knight (Orc:2)
  3 deep elf magi
  A harpy (Shoals:2)
  6 ugly things
  5 salamanders
  A manticore (Shoals:2)
  4 fauns (Shoals:2)
  3 orc sorcerers
  A merfolk siren (Shoals:2)
  2 guardian serpents
  7 elephants (Lair:6)
  5 naga magi
  6 black mambas
  An ice statue (IceCv)
  A water nymph (Shoals:2)
  A centaur skeleton (D:12)
  6 cane toads
  2 rime drakes (D:8)
  2 komodo dragons
  4 merfolk
  16 blink frogs
  10 polar bears
  2 slime creatures
  6 dream sheep
  2 water elementals
  Sigmund (D:3)
  2 wraiths
  A fire bat (Volcano)
  21 yaks
  2 basilisks
  4 vampire mosquitoes (Lair:6)
  A steam dragon (D:8)
  2 wargs (Orc:1)
  2 nagas (Snake:4)
  A hell hound (Volcano)
  A water moccasin (Lair:6)
  6 orc warriors
  5 ogres
  8 wolves
  A centaur (D:10)
  6 bullfrogs
  A water moccasin zombie (D:5)
  A wyvern skeleton (D:10)
  5 killer bees (D:8)
  A hound (D:8)
  6 orc wizards
  2 orc priests
  2 gnolls (D:2)
  An adder (D:8)
  A white imp (D:10)
  12 orcs
  2 ball pythons (Sewer)
224 creatures vanquished.

Vanquished Creatures (others)
  A naga warrior (Snake:4)
  A two-headed ogre (Volcano)
  A guardian serpent (Snake:4)
  A yak (D:12)
  An ogre (D:7)
  A bullfrog (D:7)
  2 jackals (D:7)
  A bush (Lair:6)
  65 fungi
  137 plants
211 creatures vanquished.

Grand Total: 1383 creatures vanquished

Notes
Turn   | Place    | Note
-------+----------+-------------------------------------------
     0 | D:1      | voltaire321 the Demonspawn Fighter began the quest for the
                  | Orb.
     0 | D:1      | Reached XP level 1. HP: 18/18 MP: 1/1
   132 | D:1      | Gained mutation: A weak demonic guardian rushes to your
                  | aid. [demonic ancestry]
   132 | D:1      | Reached XP level 2. HP: 9/24 MP: 2/2
   533 | D:1      | Gained mutation: You are partially covered in slimy green
                  | scales. (AC +2) [demonic ancestry]
   533 | D:1      | Reached XP level 3. HP: 29/29 MP: 3/3
  1012 | D:2      | Reached skill level 1 in Dodging
  1025 | D:2      | Found a faded altar of an unknown god.
  1290 | D:2      | Gained mutation: You have sharp toenails. [demonic
                  | ancestry]
  1290 | D:2      | Reached XP level 4. HP: 33/35 MP: 4/4
  1500 | D:2      | Reached XP level 5. HP: 40/40 MP: 5/5
  2241 | D:3      | Reached XP level 6. HP: 25/48 MP: 6/6
  2610 | D:3      | Found a glowing drain.
  2632 | Sewer    | Entered a sewer
  3074 | Sewer    | Reached skill level 1 in Throwing
  3485 | Sewer    | Gained mutation: A demonic guardian rushes to your aid.
                  | [demonic ancestry]
  3485 | Sewer    | Reached XP level 7. HP: 10/54 MP: 7/7
  3812 | D:3      | Noticed Sigmund
  3822 | D:3      | Killed Sigmund
  3972 | D:3      | Found a sparkling altar of Nemelex Xobeh.
  4324 | D:3      | Found a runed translucent door.
  4325 | D:3      | Noticed Crazy Yiuf
  4331 | D:3      | Killed Crazy Yiuf
  4673 | D:4      | Found a broken altar of Ashenzari.
  5173 | D:4      | Reached XP level 8. HP: 60/61 MP: 8/8
  5284 | D:5      | Entered Level 5 of the Dungeon
  5510 | D:5      | Found a staircase to the Ecumenical Temple.
  5519 | D:5      | Reached skill level 5 in Fighting
  5671 | D:5      | Reached skill level 5 in Long Blades
  5972 | D:5      | Found Heqij's General Store.
  7136 | D:6      | Found a shadowy altar of Dithmenos.
  7136 | D:6      | Found a broken altar of Ashenzari.
  7137 | D:6      | Found a hazy altar of Hepliaklqana.
  7245 | D:6      | Reached skill level 5 in Armour
  7610 | D:7      | Reached skill level 5 in Shields
  7694 | D:7      | Found a glowing golden altar of the Shining One.
  7701 | D:7      | Reached XP level 9. HP: 68/68 MP: 9/9
  7802 | D:7      | Found an opulent altar of Gozag.
  8127 | Temple   | Entered the Ecumenical Temple
  8208 | Temple   | Became a worshipper of Makhleb the Destroyer
  8319 | D:8      | Reached skill level 1 in Invocations
  8506 | D:8      | Found an ancient bone altar of Kikubaaqudgha.
  8565 | D:8      | Reached skill level 2 in Invocations
  8689 | D:8      | Reached * piety under Makhleb
  8746 | D:8      | Reached skill level 3 in Invocations
  8765 | D:8      | Found a staircase to the Lair.
  9128 | D:9      | Reached skill level 5 in Dodging
  9240 | D:9      | Gained mutation: You have razor-sharp toenails. [demonic
                  | ancestry]
  9240 | D:9      | Reached XP level 10. HP: 77/77 MP: 12/12
  9581 | D:9      | Reached skill level 4 in Invocations
  9583 | D:9      | Reached ** piety under Makhleb
  9787 | D:10     | Entered Level 10 of the Dungeon
  9796 | D:10     | Found a staircase to the Orcish Mines.
  9874 | D:10     | Noticed a two-headed ogre
  9884 | D:10     | Killed a two-headed ogre
  9967 | D:10     | Paralysed by a hornet for 3 turns
 10041 | D:10     | Reached skill level 5 in Throwing
 10124 | D:10     | Reached skill level 5 in Invocations
 10134 | D:10     | Found Licuxaph's General Store.
 10593 | Lair:1   | Entered Level 1 of the Lair of Beasts
 10605 | Lair:1   | Found a frozen archway.
 10607 | Lair:1   | Noticed a cane toad
 10610 | Lair:1   | Noticed a cane toad
 10615 | Lair:1   | Killed a cane toad
 10634 | D:8      | Killed a cane toad
 10635 | D:8      | Reached XP level 11. HP: 16/84 MP: 15/15
 10771 | Lair:1   | Reached *** piety under Makhleb
 10800 | Lair:1   | Reached skill level 6 in Invocations
 10804 | IceCv    | Entered an ice cave
 11755 | IceCv    | Reached skill level 7 in Invocations
 11795 | IceCv    | Noticed a white draconian
 11824 | IceCv    | Killed a white draconian
 12177 | Lair:1   | Reached **** piety under Makhleb
 12942 | Lair:2   | Gained mutation: You are mostly covered in slimy green
                  | scales. (AC +3) [demonic ancestry]
 12942 | Lair:2   | Reached XP level 12. HP: 77/94 MP: 17/17
 12942 | Lair:2   | Found a staircase to the Shoals.
 13450 | Lair:2   | Noticed a seven-headed hydra
 13469 | Lair:2   | Killed a seven-headed hydra
 13470 | Lair:2   | Reached skill level 8 in Invocations
 14537 | Lair:3   | Found a staircase to the Snake Pit.
 15035 | Lair:4   | Noticed an eight-headed hydra
 15043 | Lair:4   | Killed an eight-headed hydra
 15275 | Lair:4   | Got a brightly glowing leather armour
 15276 | Lair:4   | Identified the cursed +0 leather armour "Koazarel" {*Drain
                  | Will+ MP+9 Stlth+} (You found it on level 4 of the Lair of
                  | Beasts)
 15443 | Lair:4   | Reached skill level 9 in Invocations
 15462 | Lair:4   | Reached ***** piety under Makhleb
 16397 | Lair:5   | Found a staircase to the Slime Pits.
 16509 | Lair:5   | Noticed a five-headed hydra
 16517 | Lair:5   | Killed a five-headed hydra
 16601 | Lair:5   | Reached XP level 13. HP: 69/101 MP: 20/20
 17130 | Lair:5   | Reached skill level 10 in Invocations
 17596 | Lair:6   | Entered Level 6 of the Lair of Beasts
 17817 | Lair:6   | Reached skill level 10 in Fighting
 18243 | Lair:6   | Reached skill level 11 in Invocations
 18249 | Lair:6   | Reached ****** piety under Makhleb
 18754 | Lair:6   | Reached XP level 14. HP: 92/111 MP: 22/22
 18986 | Lair:6   | Found the +8 whip "Snakebite" {curare, rPois}
 19219 | Lair:6   | Identified a scroll of acquirement
 19219 | Lair:6   | Acquired a +0 double sword of freezing
 19808 | Orc:1    | Entered Level 1 of the Orcish Mines
 20033 | Orc:1    | Noticed an orc warlord
 20044 | Orc:1    | Paralysed by an orc sorcerer for 3 turns
 20064 | Orc:1    | Reached skill level 10 in Long Blades
 20153 | Orc:1    | Killed an orc warlord
 20187 | Orc:1    | Noticed an orc warlord
 20264 | Orc:1    | Killed an orc warlord
 20660 | Orc:1    | Identified the Compendium of the Arsonist and Execration
 20725 | Orc:2    | Entered Level 2 of the Orcish Mines
 20728 | Orc:2    | Found Zagixyx's General Store.
 20730 | Orc:2    | Found a staircase to the Elven Halls.
 20755 | Orc:2    | Found Fiwoteaw's Jewellery Shop.
 20788 | Orc:2    | Reached skill level 10 in Armour
 20846 | Orc:2    | Found Deugo's Antique Weapon Boutique.
 20863 | Orc:2    | Found a dark tunnel.
 20864 | Orc:2    | Noticed an orc warlord
 20870 | Volcano  | Entered a volcano
 20936 | Volcano  | Reached skill level 10 in Shields
 21159 | Orc:2    | Found Bynagij's Antique Armour Shoppe.
 21203 | Orc:2    | Reached skill level 12 in Invocations
 21267 | Orc:1    | Found Hoikao's Humungous Hoard.
 21288 | Orc:1    | Bought a potion of haste for 120 gold pieces
 21288 | Orc:1    | Bought a potion of heal wounds for 60 gold pieces
 21622 | Orc:2    | Bought a scroll of identify for 26 gold pieces
 21622 | Orc:2    | Bought a potion of might for 52 gold pieces
 21649 | Orc:2    | Killed an orc warlord
 21794 | Orc:2    | Found a roughly hewn altar of Beogh.
 21874 | Orc:2    | Reached skill level 10 in Dodging
 23272 | D:12     | Noticed Urug
 23283 | D:12     | Killed Urug
 23360 | D:12     | Noticed Snorg
 23372 | D:12     | Killed Snorg
 23373 | D:12     | Gained mutation: A powerful demonic guardian rushes to your
                  | aid. [demonic ancestry]
 23373 | D:12     | Reached XP level 15. HP: 107/119 MP: 24/24
 23519 | D:12     | Got a brightly glowing granite ring
 23521 | D:12     | Identified the ring of Lugh {+Fly MP+9 Int-3 Dex+4} (You
                  | found it on level 12 of the Dungeon)
 23986 | D:13     | Reached skill level 13 in Invocations
 24319 | D:13     | Noticed Frances
 24330 | D:13     | Killed Frances
 24457 | D:13     | Noticed Nessos
 24465 | D:13     | Killed Nessos
 24489 | D:13     | Noticed Sonja
 24502 | D:13     | Killed Sonja
 25467 | D:14     | Found a gate to the Vaults.
 26326 | D:15     | Entered Level 15 of the Dungeon
 26587 | D:15     | Found Ujoqif's Magic Scroll Shoppe.
 26849 | D:15     | Found a staircase to the Depths.
 26857 | D:15     | Reached skill level 14 in Invocations
 27294 | Elf:1    | Entered Level 1 of the Elven Halls
 27419 | Snake:1  | Entered Level 1 of the Snake Pit
 27527 | Snake:1  | Noticed Josephine
 27539 | Snake:1  | Killed Josephine
 27583 | Snake:1  | Got a smoking dagger
 27584 | Snake:1  | Identified the +4 dagger of the Dead {freeze, rN+ Will+
                  | Int-3} (You found it on level 1 of the Snake Pit)
 27660 | Snake:1  | Reached XP level 16. HP: 129/129 MP: 26/26
 27989 | Snake:1  | Identified the +1 tower shield of Old and Reckless {Will+
                  | Int+4}
 27989 | Snake:1  | Noticed Louise
 28004 | Snake:1  | Killed Louise
 28654 | Snake:2  | You fall into a shaft and drop 1 floor!
 29333 | Snake:3  | Noticed Asterion
 29345 | Snake:3  | Killed Asterion
 29908 | Snake:4  | Entered Level 4 of the Snake Pit
 30023 | Snake:4  | Reached skill level 15 in Invocations
 31244 | Snake:4  | Reached XP level 17. HP: 124/137 MP: 28/28
 31576 | Snake:4  | Got a serpentine rune of Zot
 31738 | Shoals:1 | Entered Level 1 of the Shoals
 31789 | Shoals:1 | Found a runed translucent door.
 31789 | Shoals:1 | Noticed Frask's ghost (journeyman MiMo)
 32511 | Shoals:1 | Killed Frask's ghost
 32514 | Shoals:1 | Got an ichor-stained helmet
 32524 | Shoals:1 | Identified the +0 helmet "Xixidoil" {+Blink +Inv rF++
                  | Int-2} (You found it on level 1 of the Shoals)
 32765 | Shoals:2 | Noticed Polyphemus
 33482 | Shoals:2 | Killed Polyphemus
 33884 | Shoals:3 | Noticed Bai Suzhen
 33901 | Shoals:3 | Killed from afar by Bai Suzhen

Illustrated notes

Levels and vault maps discovered:
D:1:      evilmike_arrival_crescent, layout_rooms, serial_bayou_lagoon_a
D:2:      layout_loops_corners, chequers_ecumenical_altar_simple_redux
D:3:      layout_basic, general_overflow_altar, gup_sewer_entry_bubbles,
          uniq_crazy_yiuf_cottage, uniq_sigmund
D:4:      layout_gridville, cheibrodos_ashenzari_chains
D:5:      layout_layer_cave, minmay_temple_entry_mini_moons, serial_shops,
          shop_coins
D:6:      layout_basic, chequers_temple_overflow_statue_of_worship
D:7:      layout_cave_pools, lemuel_round_altar, basic_altar, minivault_24,
          lemuel_flamethrower_2
D:8:      layout_rooms, kiku_gazebo_pond_becter, lair_entry_dummy
D:9:      layout_roguey
D:10:     layout_cave_pools, orc_0_dummy, serial_ice, serial_ice_j,
          serial_ice_h, serial_ice_f, serial_ice_n, serial_ice_a, serial_ice_b,
          serial_shops, shop_fountains, serial_bayou_lake_a
D:11:     layout_loops_corners
D:12:     layout_basic, uniq_urug, uniq_snorg
D:13:     layout_irregular_city, st_stairs_6, uniq_nessos, uniq_frances,
          uniq_sonja
D:14:     layout_stronghold, skrybe_vaults_entry_preservation,
          kennysheep_small_spiral
D:15:     grunt_enter_depths_magical_seal, layout_long_grid,
          nrook_pool_corridor, serial_shops, shop
Temple:   lightli_temple_of_artemis
Lair:1:   layout_cave_pods, portal_ice_cave_rime, serial_bayou_shore_b
Lair:2:   layout_cave_shapes, minmay_shoals_entry_lonely_mermaid,
          lemuel_fruit_fields, minmay_lair_oklob_chamber
Lair:3:   layout_roguey, guppyfry_snake_entry_garden
Lair:4:   layout_cave_pods, fungi_pond_lemuel, st_stairs_9
Lair:5:   layout_loops_ring, minmay_slime_entry_pillars, beast_lair_carwin_3,
          grunt_megastairs_5, infiniplex_staircase_pool
Lair:6:   minmay_lair_end_frog_pond, layout_cave_pods
Shoals:1: layout_shoals, gammafunk_ghost_grave
Shoals:2: layout_shoals, uniq_polyphemus
Shoals:3: cheibrodos_shoals_roost, layout_shoals, ebering_ghost_inner_flame,
          overgrown_tower, uniq_bai_suzhen
Snake:1:  layout_misc_corridors, uniq_josephine, uniq_louise
Snake:2:  layout_honeycomb
Snake:3:  layout_onion, uniq_asterion
Snake:4:  grunt_snake_rune_serpentine_throne, layout_cave_town,
          serial_bayou_shore_a
Orc:1:    layout_caves, nicolae_alphabet_shops, minmay_orc_treasury
Orc:2:    grunt_orc_gardens, layout_caves, grunt_orc_garden, grunt_orc_garden,
          grunt_orc_garden, grunt_orc_garden, basic_altar, enter_volcano_1,
          elves_outpost_lemuel
Elf:1:    minmay_elf_arrival_circle, layout_loops_ring

Skill      XL: |  1  2  3  4  5  6  7  8  9 10 11 12 13 14 15 16 17 |
---------------+----------------------------------------------------+-----
Long Blades    | 2 3 4 5 6 7 8 9 10 11 12 13 | 13.5
Armour         | 3 4 5 6 7 8 9 10 11 12 | 12.6
Shields        | 3 4 5 6 7 8 9 10 11 12 13 | 13.4
Dodging        | 1 2 3 4 5 6 7 8 9 10 | 10.0
Fighting       | 4 5 6 7 8 9 10 11 12 13 14 | 14.4
Throwing       | 1 2 3 4 5 6 |  6.0
Invocations    | 3 5 7 9 11 12 14 15 | 15.0

Action                   |  1- 3 |  4- 6 |  7- 9 | 10-12 | 13-15 | 16-18 || total
-------------------------+-------+-------+-------+-------+-------+-------++-------
Melee: Long sword        |   144 |   317 |   519 |   803 |   511 |       ||  2294
       Kick              |       |    83 |   170 |   449 |   741 |   386 ||  1829
       Scimitar          |       |       |       |    37 |    13 |       ||    50
       Double sword      |       |       |       |       |   894 |   881 ||  1775
Throw: Dart              |       |       |    40 |    38 |    20 |     6 ||   104
       Boomerang         |       |       |       |    14 |    18 |    18 ||    50
Invok: Lesser Servant of |       |       |       |     1 |     1 |       ||     2
       Greater Servant o |       |       |       |       |       |     1 ||     1
Evoke: Wand              |       |       |       |     3 |    12 |     2 ||    17
  Use: Potion            |       |     1 |       |     2 |     1 |     4 ||     8
       Scroll            |       |       |    12 |    16 |    21 |     9 ||    58
 Stab: Distracted        |       |     1 |     1 |    12 |     5 |     2 ||    21
       Confused          |       |       |       |       |       |     1 ||     1
Armor: Scale mail        |    30 |       |       |   328 |   451 |   133 ||   942
       Chain mail        |    67 |   208 |   280 |    70 |       |       ||   625
       Swamp dragon scal |       |       |       |       |    18 |   172 ||   190
Dodge: Dodged            |    26 |   106 |   140 |   452 |   796 |   450 ||  1970
Block: Kite shield       |    83 |   213 |   295 |   617 |  1020 |   253 ||  2481
       Tower shield      |       |       |       |       |       |   683 ||   683
       Rpst.: Long sword |    10 |    35 |    45 |   110 |    60 |       ||   260
       Scimitar          |       |       |       |     2 |     1 |       ||     3
       Double sword      |       |       |       |       |   104 |    75 ||   179

Table legend: (Time is in decaauts)
 A = Elapsed time spent in this place.
 B = Non-inter-level travel time spent in this place.
 C = Inter-level travel time spent in this place.
 D = Time resting spent in this place.
 E = Time spent auto-exploring this place.
 F = Levels seen in this place.
 G = Mean time per level.
                   A        B        C        D        E       F      G
               +--------+--------+--------+--------+--------+-----+--------+
         Total |  34633 |  33455 |   1178 |   5398 |  15596 |  35 |  989.5 |
       Dungeon |  15148 |  14517 |    631 |   1725 |   8080 |  15 | 1009.9 |
        Temple |     92 |     92 |      0 |      0 |     75 |   1 |   92.0 |
          Lair |   7961 |   7605 |    356 |   1361 |   3762 |   6 | 1326.8 |
        Shoals |   2307 |   2307 |      0 |    307 |    917 |   3 |  769.0 |
     Snake Pit |   4289 |   4161 |    128 |    735 |   1709 |   4 | 1072.2 |
  Orcish Mines |   2093 |   2032 |     61 |     72 |    772 |   2 | 1046.5 |
   Elven Halls |      1 |      1 |      0 |      0 |      0 |   1 |    1.0 |
         Sewer |   1219 |   1219 |      0 |    775 |    106 |   1 | 1219.0 |
      Ice Cave |   1232 |   1232 |      0 |    337 |    174 |   1 | 1232.0 |
       Volcano |    286 |    286 |      0 |     85 |      0 |   1 |  286.0 |
               +--------+--------+--------+--------+--------+-----+--------+

Top non-repeatable levels by time:
  Lair:6: 1989 daAuts
 Snake:4: 1595 daAuts
  Lair:5: 1406 daAuts
    D:14: 1403 daAuts
     D:3: 1369 daAuts
     D:5: 1292 daAuts
     D:2: 1291 daAuts
  Lair:4: 1286 daAuts
Shoals:1: 1261 daAuts
  Lair:2: 1236 daAuts
   IceCv: 1232 daAuts
   Sewer: 1219 daAuts
    D:13: 1076 daAuts
   Orc:2: 1075 daAuts
     D:1: 1040 daAuts
